 Dungeon Sprint DCSS version 0.30-a0-728-gc68057be0a (webtiles) character file.

Game seed: 4180875469438991681

32 BigDaddyOpFi the Magician (level 3, -6/19 HPs)
             Began as a Deep Elf Earth Elementalist on Jan 31, 2023.
             Was a Believer of Vehumet.
             Mangled by a fire bat (7 damage)
             ... in the Dungeon (Sprint VII: "The Pits").
             The game lasted 00:01:16 (340 turns).

BigDaddyOpFi the Magician (DEEE)                     Turns: 340, Time: 00:01:17

Health: -6/19      AC: 12    Str:  7    XL:     3   Next: 8%
Magic:  11/11      EV: -1    Int: 19    God:    Vehumet [**....]
Gold:   0          SH:  0    Dex: 15    Spells: 10/11 levels left

rFire   . . .      SeeInvis .    h - +2 hand axe
rCold   . . .      Faith    .    (no shield)
rNeg    . . .      Spirit   .    c - +2 plate armour
rPois   .          Reflect  .    (no helmet)
rElec   .          Harm     .    (no cloak)
rCorr   .          Rampage  .    (no gloves)
Will    .....      NoTele   +    (no boots) Stlth
                                 (no amulet)
HPRegen 0.23/turn                (no ring)
MPRegen 0.12/turn                (no ring)

@: hasted, very quick
A: no striking features
a: Renounce Religion


You were in the Dungeon.
You worshipped Vehumet.
Vehumet was pleased with you.
You visited 1 branch

Inventory:

Hand Weapons
 h - a +2 hand axe (weapon)
 k - a +1 hand axe of freezing
Armour
 a - a +0 robe
 c - a +2 plate armour (worn)
Scrolls
 g - a scroll of blinking
Potions
 b - 5 potions of magic
 d - 5 potions of heal wounds
 f - 2 potions of berserk rage
 i - 2 potions of invisibility
 j - 5 potions of curing


   Skills:
 + Level 4.0 Dodging
 + Level 4.2 Stealth
 + Level 4.6 Spellcasting
 + Level 3.0 Transmutations
 + Level 4.4 Earth Magic


You had 10 spell levels left.
You knew the following spells:

 Your Spells              Type           Power      Damage    Failure   Level
a - Sandblast             Erth           42%        2d11      100%        1

Your spell library contained the following spells:

 Spells                   Type           Power      Damage    Failure   Level
 Kiss of Death            Conj/Necr      16%        2d6       100%        1
 Passwall                 Tmut/Erth      15%        N/A       100%        2
 Stone Arrow              Conj/Erth      24%        3d8       100%        3
 Petrify                  Tmut/Erth      18%        N/A       100%        4


Dungeon Overview and Level Annotations

Branches:
Dungeon (1/1)

Altars:
Ashenzari
Cheibriados
Dithmenos
Elyvilon
Fedhas
Gozag
Hepliaklqana
Kikubaaqudgha
Makhleb
Nemelex Xobeh
Okawaru
Qazlal
Ru
Sif Muna
Trog
Uskayaw
Vehumet
Wu Jian
Xom
Yredelemnul
Zin
The Shining One
Jiyva
Lugonu


Message History

There is an open door here.
Items here: ) †††.
There is an open door here.
You open the door.
There is an open door here.
You open the door.
A fire bat comes into view.
The fire bat bites you but does no damage. x2
You barely miss the fire bat.
The fire bat bites you but does no damage. x3
You hit the fire bat.
The fire bat is lightly wounded.
The fire bat bites you but does no damage. x3
You closely miss the fire bat.
The fire bat is lightly wounded.
The fire bat bites you.
You are engulfed in flames.
A sky beast comes into view.
The fire bat bites you but does no damage.
The fire bat bites you.
You are engulfed in flames.
* * * LOW HITPOINT WARNING * * *
There is an open door, spattered with blood here.
You feel much better.
The fire bat bites you but does no damage.
The sky beast flickers out of sight!
Deactivating autopickup; reactivate with Ctrl-A.
You feel yourself speed up.
The fire bat bites you but does no damage.
Something hits you but does no damage. The fire bat bites you.
You are engulfed in flames!
Something hits you but does no damage.
There is an open door, spattered with blood here.
A flying skull comes into view.
The flying skull gives a hideous shriek!
You hear a shout!
The fire bat bites you.
You are engulfed in flames.
* * * LOW HITPOINT WARNING * * *
The fire bat bites you.
* * * LOW HITPOINT WARNING * * *
You are engulfed in flames!
You die...

#.#..).÷#))#####'#
#.#..####))##.....
#.#..#..#.)##.....
#.#..#..#.[##.....
#.##)#..#'###...<.
#.#...†....##.....
#.#........##.....
#'###########.....
#@......# ######
#.b###..# #...z
##.### .. .## ..
##


You could see a fire bat and a flying skull.

Vanquished Creatures
  A gnoll (D)
  A river rat (D)
  An ufetubus (D)
  A ball python (D)
  A bat (D)
  A bat zombie (D)
  A kobold (D)
  A ball python zombie (D)
  A frilled lizard (D)
  A rat (D)
10 creatures vanquished.

Notes
Turn   | Place    | Note
-------+----------+-------------------------------------------
     0 | D        | BigDaddyOpFi the Deep Elf Earth Elementalist began the
                  | quest for the Orb.
     0 | D        | Reached XP level 1. HP: 10/10 MP: 6/6
    16 | D        | Found a bloodstained altar of Trog.
    16 | D        | Found a shimmering blue altar of Sif Muna.
    16 | D        | Found a viscous altar of Jiyva.
    16 | D        | Found a hazy altar of Hepliaklqana.
    16 | D        | Found an opulent altar of Gozag.
    17 | D        | Found a glowing golden altar of the Shining One.
    17 | D        | Found a glowing silver altar of Zin.
    17 | D        | Found a basalt altar of Yredelemnul.
    17 | D        | Found a shimmering altar of Xom.
    17 | D        | Found an ornate altar of the Wu Jian Council.
    17 | D        | Found a sacrificial altar of Ru.
    17 | D        | Found a stormy altar of Qazlal.
    17 | D        | Found an iron altar of Okawaru.
    17 | D        | Found a sparkling altar of Nemelex Xobeh.
    17 | D        | Found a burning altar of Makhleb.
    17 | D        | Found a blossoming altar of Fedhas.
    17 | D        | Found a white marble altar of Elyvilon.
    17 | D        | Found a shadowy altar of Dithmenos.
    17 | D        | Found a snail-covered altar of Cheibriados.
    18 | D        | Found a radiant altar of Vehumet.
    18 | D        | Found a corrupted altar of Lugonu.
    19 | D        | Found an ancient bone altar of Kikubaaqudgha.
    19 | D        | Found a hide-covered altar of Uskayaw.
    19 | D        | Found a broken altar of Ashenzari.
    27 | D        | Became a worshipper of Vehumet
   186 | D        | Reached * piety under Vehumet
   186 | D        | Offered knowledge of Kiss of Death by Vehumet.
   187 | D        | Reached XP level 2. HP: 5/15 MP: 3/9
   240 | D        | Reached ** piety under Vehumet
   241 | D        | Reached XP level 3. HP: 14/19 MP: 9/11
   330 | D        | Noticed a fire bat
   335 | D        | Noticed a sky beast
   340 | D        | Noticed a flying skull
   340 | D        | Mangled by a fire bat

Illustrated notes

Levels and vault maps discovered:
D:        pitsprint [storerooms_1, entrance_room_1, metal_vault_2, armoury_1,
          mini_pit_1, grid_room_1, main_hall_1, silver_pit, the_coven_1,
          the_vestibule_1, steel_vault_1, golden_pit, hallway_of_sentries,
          crystal_vault_2, iron_vault_2, final_vault]

Skill      XL: |  1  2 |
---------------+-------+-----
Dodging        | 3 4 |  4.0
Stealth        | 3 4 |  4.2
Spellcasting   | 4 |  4.6
Transmutations | 2 3 |  3.0
Earth Magic    | 4 |  4.4

Action                     || total
---------------------------++-------
  Melee: Hand axe          ||     8
   Cast: Sandblast         ||    11
    Use: Potion            ||     4
 Armour: Plate armour      ||    13
  Dodge: Dodged            ||     8

Table legend: (Time is in decaauts)
 A = Elapsed time spent in this place.
 B = Non-inter-level travel time spent in this place.
 C = Inter-level travel time spent in this place.
 D = Time resting spent in this place.
 E = Time spent auto-exploring this place.
 F = Levels seen in this place.
 G = Mean time per level.
                   A        B        C        D        E       F      G
               +--------+--------+--------+--------+--------+-----+--------+
         Total |    354 |    338 |     16 |    184 |      0 |   1 |  354.0 |
       Dungeon |    354 |    338 |     16 |    184 |      0 |   1 |  354.0 |
               +--------+--------+--------+--------+--------+-----+--------+

Top non-repeatable levels by time:
       D: 354 daAuts
